[ AOE2 MATCH · #466433488 ]
UnrankedBohemians vs Sicilians
[ REPLAY ANALYSIS · EXTRACTED FROM THE RECORDED GAME ]
Feudal
11:49
Castle
18:57
Imperial
41:37
| APM avg | 25.4 |
| APM peak | 94 |
| eAPM avg | 14.7 |
| Villagers / military | 117 / 219 |
Focus
⚔️ 28.5% · 🌾 71.5%
Monk ×88 · Spearman ×66 · Scout Cavalry ×48 · Fire Galley ×6 · Unknown (2626) ×5 · Fishing Ship ×4
Feudal
12:34
Castle
16:43
Imperial
—
| APM avg | 8.2 |
| APM peak | 35 |
| eAPM avg | 4.6 |
| Villagers / military | 102 / 72 |
Focus
⚔️ 18.4% · 🌾 81.6%
Skirmisher ×65 · Trade Cart ×15 · Spearman ×7
Feudal
9:13
Castle
27:43
Imperial
44:01
| APM avg | 8.8 |
| APM peak | 50 |
| eAPM avg | 7.1 |
| Villagers / military | 96 / 212 |
Focus
⚔️ 39.2% · 🌾 60.8%
Spearman ×99 · Skirmisher ×60 · Serjeant ×36 · Fishing Ship ×21 · Trebuchet (Packed) ×14 · Trade Cart ×13
Feudal
8:57
Castle
26:33
Imperial
—
| APM avg | 6.7 |
| APM peak | 31 |
| eAPM avg | 4.3 |
| Villagers / military | 24 / 69 |
Focus
⚔️ 38.6% · 🌾 61.4%
Scout Cavalry ×42 · Spearman ×9 · Trade Cart ×9 · Skirmisher ×6 · Unknown (1920) ×5 · Militia ×4
Feudal
—
Castle
—
Imperial
—
| APM avg | 16.6 |
| APM peak | 60 |
| eAPM avg | 13.6 |
| Villagers / military | 145 / 131 |
Focus
⚔️ 30.6% · 🌾 69.4%
Militia ×32 · Trade Cart ×31 · Scorpion ×26 · Fishing Ship ×25 · Battering Ram ×20 · Spearman ×14
Feudal
—
Castle
—
Imperial
—
| APM avg | 8.0 |
| APM peak | 23 |
| eAPM avg | 5.2 |
| Villagers / military | 82 / 266 |
Focus
⚔️ 32.9% · 🌾 67.1%
Spearman ×126 · Scout Cavalry ×55 · Militia ×45 · Teutonic Knight ×22 · Knight ×14 · Trade Cart ×7
Feudal
—
Castle
—
Imperial
—
| APM avg | 30.2 |
| APM peak | 86 |
| eAPM avg | 19.9 |
| Villagers / military | 106 / 472 |
Focus
⚔️ 55.9% · 🌾 44.1%
Scout Cavalry ×170 · Spearman ×156 · Galley ×77 · Skirmisher ×37 · Trade Cart ×25 · Battering Ram ×18
Feudal
—
Castle
—
Imperial
—
| APM avg | 20.6 |
| APM peak | 108 |
| eAPM avg | 15.2 |
| Villagers / military | 61 / 200 |
Focus
⚔️ 23.5% · 🌾 76.5%
Spearman ×83 · Skirmisher ×60 · Karambit Warrior ×51 · Trade Cart ×16 · Trebuchet (Packed) ×4 · Transport Ship ×2
Match map
Initial resources + every placement click. Lines = walls · curves = elevation contours. ◆ gold · ⬟ stone · ● berries · ✦ relic · ◌ wall gap
Your base· Open — 1t gap
LineageHK's base· Open — 8t gap
Voidrunner_099's base· Open — unwalled flank
sam.pidgeon's base· Open — unwalled flank
ColonelPacha's base· Open — unwalled flank
Ous9121's base· Open — 5t gap
DarkIce4999's base· Open — unwalled flank
Andrxuv's base· Open — 3t gap
Smoothed initial terrain · ◌ = detected wall gap · hover for details
Inputs per minute
— zug0 - - LineageHK
Build order — zug0
First 150 of 574 actions detected
| 1:48 | Build | Town Center |
| 2:31 | Build | House |
| 2:32 | Build | House |
| 2:35 | Build | House |
| 2:39 | Build | House |
| 3:36 | Create | Villager (Male) |
| 3:37 | Create | Villager (Male) |
| 3:37 | Create | Villager (Male) |
| 3:38 | Create | Villager (Male) |
| 4:06 | Research | Loom |
| 4:09 | Build | House |
| 4:12 | Build | House |
| 4:21 | Build | House |
| 4:37 | Build | House |
| 5:18 | Build | House |
| 5:20 | Build | House |
| 5:27 | Create | Villager (Male) |
| 5:28 | Create | Villager (Male) |
| 5:40 | Create | Villager (Male) |
| 5:55 | Build | Mill |
| 6:07 | Create | Villager (Male) |
| 6:51 | Build | Mill |
| 7:02 | Create | Villager (Male) |
| 7:35 | Build | Dock |
| 7:56 | Build | Dock |
| 8:24 | Create | Villager (Male) |
| 8:25 | Create | Villager (Male) |
| 8:30 | Create | Villager (Male) |
| 8:43 | Build | Mining Camp |
| 9:23 | Build | Barracks |
| 9:31 | Build | Palisade Wall |
| 9:37 | Research | Feudal Age |
| 10:16 | Create | Transport Ship |
| 10:39 | Build | Palisade Wall |
| 10:49 | Build | Palisade Wall |
| 10:52 | Build | Palisade Gate |
| 11:00 | Create | Villager (Male) |
| 11:00 | Create | Villager (Male) |
| 11:32 | Build | Palisade Wall |
| 11:33 | Build | Palisade Wall |
| 11:42 | Create | Villager (Male) |
| 11:49 | Age | Feudal Age |
| 12:38 | Create | Spearman |
| 12:44 | Research | Wheelbarrow |
| 13:11 | Build | Blacksmith |
| 13:39 | Build | Market |
| 13:53 | Build | Farm |
| 13:54 | Build | Farm |
| 13:54 | Build | Farm |
| 13:54 | Build | Farm |
| 13:54 | Build | Farm |
| 13:55 | Build | Farm |
| 13:56 | Build | Farm |
| 13:56 | Build | Farm |
| 13:56 | Build | Farm |
| 14:00 | Create | Villager (Male) |
| 14:00 | Create | Villager (Male) |
| 14:15 | Build | Palisade Wall |
| 15:09 | Build | Lumber Camp |
| 15:48 | Build | Mining Camp |
| 15:58 | Create | Unit 2626 |
| 15:58 | Create | Unit 2626 |
| 16:04 | Research | Double-Bit Axe |
| 16:17 | Research | Castle Age |
| 17:10 | Create | Spearman |
| 17:12 | Build | House |
| 17:55 | Create | Unit 2626 |
| 18:23 | Build | Farm |
| 18:24 | Build | Farm |
| 18:24 | Build | Farm |
| 18:24 | Build | Farm |
| 18:24 | Build | Farm |
| 18:24 | Build | Farm |
| 18:25 | Build | Farm |
| 18:57 | Age | Castle Age |
| 19:15 | Build | Castle |
| 19:52 | Build | Castle |
| 20:11 | Create | Villager (Male) |
| 20:11 | Create | Villager (Male) |
| 20:19 | Build | Town Center |
| 20:21 | Research | Bow Saw |
| 20:57 | Create | Villager (Male) |
| 20:57 | Create | Villager (Male) |
| 20:57 | Create | Villager (Male) |
| 21:25 | Create | Spearman |
| 21:26 | Create | Spearman |
| 21:26 | Research | Pikeman (upgrade) |
| 21:26 | Research | Squires |
| 21:35 | Create | Villager (Male) |
| 21:36 | Create | Villager (Male) |
| 21:38 | Create | Villager (Male) |
| 21:51 | Research | War Galley (upgrade) |
| 23:16 | Build | University |
| 23:20 | Create | Villager (Male) |
| 23:21 | Create | Villager (Male) |
| 23:22 | Create | Villager (Male) |
| 23:22 | Create | Villager (Male) |
| 23:25 | Create | Villager (Male) |
| 23:25 | Create | Villager (Male) |
| 23:26 | Create | Villager (Male) |
| 23:26 | Create | Villager (Male) |
| 23:48 | Build | Siege Workshop |
| 24:03 | Create | Villager (Male) |
| 24:04 | Create | Villager (Male) |
| 24:05 | Create | Villager (Male) |
| 24:05 | Create | Villager (Male) |
| 24:06 | Create | Villager (Male) |
| 24:08 | Create | Villager (Male) |
| 24:08 | Create | Villager (Male) |
| 24:09 | Create | Villager (Male) |
| 24:10 | Create | Villager (Male) |
| 24:12 | Create | Villager (Male) |
| 24:13 | Research | Horse Collar |
| 24:21 | Build | Mining Camp |
| 24:25 | Build | Mill |
| 24:49 | Create | Demolition Raft |
| 24:52 | Create | Fishing Ship |
| 24:53 | Create | Fishing Ship |
| 24:53 | Create | Fishing Ship |
| 25:12 | Create | Villager (Male) |
| 25:12 | Create | Villager (Male) |
| 25:13 | Create | Villager (Male) |
| 25:13 | Create | Villager (Male) |
| 25:37 | Build | Siege Workshop |
| 25:47 | Research | Heavy Plow |
| 25:51 | Create | Villager (Male) |
| 25:52 | Create | Villager (Male) |
| 26:22 | Build | Mining Camp |
| 26:36 | Research | Town Watch |
| 26:54 | Research | Murder Holes |
| 27:02 | Build | Farm |
| 27:03 | Build | Farm |
| 27:03 | Build | Farm |
| 27:03 | Build | Farm |
| 27:05 | Build | Farm |
| 27:12 | Build | Farm |
| 27:12 | Build | Farm |
| 27:13 | Build | Farm |
| 27:13 | Build | Farm |
| 27:30 | Create | Unit 2626 |
| 27:30 | Create | Unit 2626 |
| 27:41 | Research | Forging |
| 27:57 | Build | Outpost |
| 27:59 | Build | Outpost |
| 28:00 | Build | Outpost |
| 28:01 | Build | Outpost |
| 28:03 | Build | Outpost |
| 28:04 | Build | Outpost |
| 28:05 | Build | Outpost |
| 28:06 | Build | Outpost |
Build order — LineageHK
First 150 of 180 actions detected
| 0:26 | Build | Town Center |
| 2:52 | Create | Villager (Male) ×4 |
| 3:47 | Create | Villager (Male) |
| 3:47 | Create | Villager (Male) |
| 4:32 | Create | Villager (Male) ×3 |
| 4:32 | Create | Villager (Male) ×3 |
| 4:32 | Create | Villager (Male) ×3 |
| 4:46 | Create | Villager (Male) |
| 4:47 | Create | Villager (Male) |
| 5:37 | Research | Loom |
| 5:39 | Create | Villager (Male) |
| 5:39 | Create | Villager (Male) |
| 5:48 | Create | Villager (Male) |
| 5:49 | Create | Villager (Male) |
| 5:49 | Create | Villager (Male) |
| 6:58 | Create | Villager (Male) |
| 6:58 | Create | Villager (Male) |
| 8:10 | Create | Villager (Male) |
| 8:10 | Create | Villager (Male) |
| 8:51 | Build | Mill |
| 9:41 | Build | Lumber Camp |
| 10:24 | Research | Feudal Age |
| 10:30 | Build | Farm |
| 11:16 | Build | Farm |
| 11:18 | Build | Farm |
| 11:21 | Build | Farm |
| 11:25 | Build | Farm |
| 11:35 | Build | Farm |
| 11:36 | Build | Farm |
| 11:37 | Build | Farm |
| 11:38 | Build | Farm |
| 12:19 | Build | Mining Camp |
| 12:34 | Age | Feudal Age |
| 12:40 | Build | Blacksmith |
| 12:43 | Create | Villager (Male) |
| 12:44 | Create | Villager (Male) |
| 12:45 | Create | Villager (Male) |
| 12:51 | Research | Double-Bit Axe |
| 13:01 | Build | Market |
| 13:15 | Research | Horse Collar |
| 14:03 | Research | Castle Age |
| 14:18 | Build | Farm |
| 14:30 | Build | Barracks |
| 14:59 | Build | Farm |
| 15:00 | Build | Farm |
| 15:01 | Build | Farm |
| 15:12 | Create | Spearman |
| 15:12 | Create | Spearman |
| 15:18 | Create | Spearman |
| 15:45 | Create | Spearman |
| 16:04 | Create | Spearman |
| 16:30 | Build | Farm |
| 16:31 | Build | Farm |
| 16:32 | Build | Farm |
| 16:43 | Age | Castle Age |
| 16:47 | Research | Pikeman (upgrade) |
| 16:54 | Create | Villager (Male) |
| 17:24 | Research | Fletching |
| 17:42 | Create | Spearman |
| 17:42 | Create | Spearman |
| 22:19 | Build | Town Center |
| 24:08 | Create | Villager (Male) ×5 |
| 24:18 | Create | Villager (Male) ×4 |
| 24:33 | Build | Archery Range |
| 25:13 | Build | Town Center |
| 25:18 | Create | Villager (Male) ×2 |
| 25:30 | Build | Farm |
| 25:31 | Build | Farm |
| 25:33 | Build | Farm |
| 25:35 | Build | Farm |
| 25:36 | Build | Farm |
| 26:35 | Create | Skirmisher ×4 |
| 27:17 | Create | Villager (Male) ×5 |
| 27:28 | Create | Skirmisher |
| 27:37 | Build | Farm |
| 27:38 | Build | Farm |
| 28:10 | Create | Villager (Male) |
| 28:11 | Create | Villager (Male) |
| 28:17 | Create | Villager (Male) |
| 28:17 | Create | Villager (Male) |
| 28:41 | Build | Town Center |
| 28:56 | Create | Villager (Male) |
| 28:56 | Create | Villager (Male) |
| 29:14 | Create | Skirmisher |
| 29:14 | Create | Skirmisher |
| 29:15 | Create | Skirmisher |
| 29:28 | Build | Mining Camp |
| 29:36 | Create | Villager (Male) |
| 29:36 | Create | Villager (Male) |
| 29:53 | Build | Mill |
| 30:00 | Create | Villager (Male) |
| 30:00 | Create | Villager (Male) |
| 30:04 | Create | Skirmisher |
| 30:04 | Create | Skirmisher |
| 30:20 | Create | Villager (Male) ×2 |
| 30:33 | Create | Villager (Male) |
| 30:51 | Create | Skirmisher |
| 30:51 | Create | Skirmisher |
| 31:04 | Build | Farm |
| 31:05 | Build | Farm |
| 31:08 | Build | Farm |
| 31:10 | Build | Farm |
| 31:11 | Build | Farm |
| 31:14 | Build | Farm |
| 31:17 | Create | Villager (Male) |
| 31:38 | Create | Villager (Male) ×2 |
| 31:47 | Build | Farm |
| 31:48 | Build | Farm |
| 31:50 | Build | Farm |
| 31:51 | Build | Farm |
| 31:59 | Build | Farm |
| 32:05 | Build | Farm |
| 32:08 | Create | Villager (Male) |
| 32:08 | Create | Villager (Male) |
| 32:15 | Create | Villager (Male) ×5 |
| 32:22 | Create | Villager (Male) ×3 |
| 32:29 | Create | Skirmisher |
| 32:29 | Create | Skirmisher |
| 32:30 | Create | Skirmisher |
| 33:05 | Build | Town Center |
| 33:12 | Build | Farm |
| 33:14 | Build | Farm |
| 33:16 | Build | Farm |
| 33:31 | Build | Farm |
| 33:32 | Build | Farm |
| 33:34 | Build | Farm |
| 33:36 | Build | Farm |
| 33:46 | Build | Farm |
| 33:49 | Create | Villager (Male) ×5 |
| 33:55 | Create | Villager (Male) ×5 |
| 33:59 | Create | Villager (Male) ×5 |
| 34:23 | Build | Market |
| 34:25 | Build | Market |
| 34:26 | Build | Market |
| 34:44 | Build | Farm |
| 34:48 | Create | Villager (Male) ×5 |
| 35:13 | Build | Mining Camp |
| 35:24 | Create | Villager (Male) ×5 |
| 35:28 | Create | Villager (Male) ×5 |
| 36:09 | Build | Market |
| 36:10 | Build | Market |
| 36:15 | Create | Trade Cart |
| 36:16 | Create | Trade Cart |
| 37:30 | Research | Elite Skirmisher (upgrade) |
| 37:44 | Build | Farm |
| 37:45 | Build | Farm |
| 37:47 | Build | Farm |
| 37:48 | Build | Farm |
| 37:50 | Build | Farm |
| 37:51 | Build | Farm |
Build order — Voidrunner_099
First 150 of 283 actions detected
| 0:23 | Build | Town Center |
| 1:59 | Build | House |
| 2:20 | Build | House |
| 2:22 | Build | House |
| 2:24 | Build | House |
| 2:33 | Research | Loom |
| 2:34 | Create | Villager (Male) ×4 |
| 2:35 | Create | Villager (Male) ×4 |
| 3:15 | Build | Mill |
| 4:15 | Create | Villager (Male) |
| 4:50 | Create | Villager (Male) |
| 4:50 | Create | Villager (Male) |
| 4:50 | Create | Villager (Male) |
| 4:51 | Create | Villager (Male) |
| 6:41 | Build | Lumber Camp |
| 7:03 | Research | Feudal Age |
| 7:54 | Build | Lumber Camp |
| 9:13 | Age | Feudal Age |
| 9:40 | Build | Donjon |
| 10:06 | Build | Mining Camp |
| 10:19 | Research | Double-Bit Axe |
| 10:30 | Build | House |
| 10:35 | Build | House |
| 10:57 | Create | Serjeant ×2 |
| 10:57 | Create | Serjeant ×2 |
| 10:57 | Create | Serjeant ×2 |
| 12:09 | Build | Market |
| 12:20 | Build | Blacksmith |
| 12:35 | Build | Dock |
| 12:45 | Build | House |
| 13:47 | Build | Mining Camp |
| 14:18 | Create | Serjeant ×5 |
| 14:18 | Create | Serjeant ×5 |
| 14:19 | Create | Serjeant ×5 |
| 14:19 | Create | Serjeant ×4 |
| 14:46 | Build | Donjon |
| 14:59 | Create | Fishing Ship |
| 15:27 | Build | Farm |
| 15:28 | Build | Farm |
| 15:29 | Build | Farm |
| 15:32 | Build | Farm |
| 16:44 | Build | Mining Camp |
| 16:55 | Build | House |
| 16:56 | Build | House |
| 16:58 | Build | House |
| 16:59 | Build | House |
| 17:00 | Build | House |
| 17:01 | Build | House |
| 17:08 | Create | Villager (Male) ×4 |
| 17:09 | Create | Villager (Male) ×4 |
| 17:56 | Build | Farm |
| 17:58 | Build | Farm |
| 18:00 | Build | Farm |
| 18:08 | Build | Farm |
| 18:40 | Create | Serjeant ×2 |
| 18:41 | Create | Serjeant ×2 |
| 19:06 | Create | Spearman |
| 19:06 | Create | Spearman |
| 19:06 | Create | Spearman |
| 19:41 | Create | Serjeant |
| 19:42 | Create | Serjeant |
| 20:21 | Build | Market |
| 20:47 | Build | Mill |
| 21:55 | Create | Trade Cart |
| 21:55 | Create | Trade Cart |
| 21:57 | Create | Trade Cart |
| 22:15 | Build | Farm |
| 22:16 | Build | Farm |
| 22:17 | Build | Farm |
| 22:20 | Build | Farm |
| 22:21 | Build | Farm |
| 22:23 | Build | Farm |
| 23:15 | Build | Market |
| 24:01 | Create | Fishing Ship |
| 24:03 | Create | Fishing Ship |
| 24:03 | Create | Fishing Ship |
| 24:03 | Create | Fishing Ship |
| 24:04 | Create | Fishing Ship |
| 24:04 | Create | Fishing Ship |
| 24:04 | Create | Fishing Ship |
| 24:04 | Create | Fishing Ship |
| 24:04 | Create | Fishing Ship |
| 24:05 | Create | Fishing Ship |
| 25:03 | Research | Castle Age |
| 25:12 | Create | Villager (Male) |
| 27:11 | Create | Fishing Ship ×5 |
| 27:11 | Create | Fishing Ship ×5 |
| 27:26 | Build | Farm |
| 27:43 | Age | Castle Age |
| 28:10 | Create | Serjeant ×5 |
| 29:10 | Create | Villager (Male) ×5 |
| 29:23 | Build | Town Center |
| 31:01 | Build | Castle |
| 31:31 | Create | Villager (Male) ×5 |
| 31:31 | Create | Villager (Male) ×5 |
| 31:32 | Create | Villager (Male) ×5 |
| 31:41 | Build | Town Center |
| 31:48 | Create | Villager (Male) ×5 |
| 32:14 | Research | Caravan |
| 32:14 | Research | Coinage |
| 32:15 | Create | Trade Cart |
| 32:15 | Create | Trade Cart |
| 33:00 | Create | Villager (Male) |
| 33:01 | Create | Villager (Male) |
| 33:01 | Create | Villager (Male) |
| 33:02 | Create | Villager (Male) |
| 33:02 | Create | Villager (Male) |
| 33:02 | Create | Villager (Male) |
| 33:02 | Create | Villager (Male) |
| 33:03 | Create | Villager (Male) |
| 33:03 | Create | Villager (Male) |
| 33:09 | Research | Bow Saw |
| 33:13 | Research | Horse Collar |
| 33:49 | Build | Barracks |
| 34:00 | Create | Villager (Male) ×5 |
| 34:01 | Create | Villager (Male) ×5 |
| 34:01 | Create | Villager (Male) ×5 |
| 34:01 | Create | Villager (Male) ×5 |
| 34:13 | Research | Forging |
| 34:19 | Research | Heavy Plow |
| 34:37 | Research | Stone Mining |
| 34:37 | Research | Gold Mining |
| 34:54 | Build | Stable |
| 35:29 | Create | Transport Ship |
| 36:09 | Build | Barracks |
| 36:11 | Build | Barracks |
| 36:13 | Build | Barracks |
| 36:15 | Build | Barracks |
| 36:21 | Research | Wheelbarrow |
| 36:28 | Build | Farm |
| 37:25 | Create | Trade Cart |
| 37:25 | Create | Trade Cart |
| 37:26 | Create | Trade Cart |
| 37:26 | Create | Trade Cart |
| 37:26 | Create | Trade Cart |
| 38:35 | Build | Town Center |
| 39:36 | Research | Hand Cart |
| 39:43 | Create | Villager (Male) ×5 |
| 39:43 | Create | Villager (Male) ×5 |
| 39:43 | Create | Villager (Male) ×5 |
| 39:43 | Create | Villager (Male) ×5 |
| 40:51 | Research | Imperial Age |
| 42:00 | Create | Trade Cart ×3 |
| 42:29 | Build | Archery Range |
| 42:30 | Build | Archery Range |
| 42:32 | Build | Archery Range |
| 42:33 | Build | Archery Range |
| 42:35 | Build | Archery Range |
| 42:37 | Build | Archery Range |
| 42:38 | Build | Archery Range |
Build order — sam.pidgeon
First 150 of 173 actions detected
| 0:45 | Build | Town Center |
| 3:17 | Build | House |
| 3:18 | Build | House |
| 3:20 | Build | House |
| 3:47 | Build | Mining Camp |
| 3:50 | Create | Villager (Male) |
| 3:57 | Research | Loom |
| 3:59 | Build | House |
| 5:23 | Create | Villager (Male) |
| 5:24 | Create | Villager (Male) |
| 5:24 | Create | Villager (Male) |
| 5:39 | Build | Mill |
| 6:06 | Build | House |
| 6:15 | Build | House |
| 6:47 | Research | Feudal Age |
| 7:14 | Build | Barracks |
| 7:57 | Create | Villager (Male) |
| 7:57 | Create | Villager (Male) |
| 7:57 | Create | Villager (Male) |
| 7:58 | Create | Villager (Male) |
| 8:27 | Build | Dock |
| 8:39 | Create | Villager (Male) |
| 8:57 | Age | Feudal Age |
| 9:14 | Build | Stable |
| 9:19 | Build | Stable |
| 9:50 | Build | House |
| 9:52 | Create | Fishing Ship |
| 10:16 | Build | House |
| 10:19 | Create | Fishing Ship |
| 10:24 | Create | Scout Cavalry |
| 10:24 | Create | Scout Cavalry |
| 10:25 | Create | Scout Cavalry |
| 10:25 | Create | Scout Cavalry |
| 10:25 | Create | Scout Cavalry |
| 11:28 | Create | Fire Galley |
| 11:28 | Create | Fire Galley |
| 11:29 | Create | Fire Galley |
| 11:41 | Create | Villager (Male) |
| 11:42 | Create | Villager (Male) |
| 11:47 | Create | Scout Cavalry |
| 11:47 | Create | Scout Cavalry |
| 11:47 | Create | Scout Cavalry |
| 12:40 | Build | Market |
| 12:56 | Create | Scout Cavalry |
| 13:07 | Build | Pasture |
| 13:14 | Build | Pasture |
| 14:05 | Build | House |
| 14:29 | Build | Lumber Camp |
| 14:32 | Build | Pasture |
| 14:39 | Build | Mining Camp |
| 14:56 | Research | Double-Bit Axe |
| 15:03 | Build | Blacksmith |
| 15:06 | Create | Scout Cavalry |
| 15:06 | Create | Scout Cavalry |
| 15:08 | Create | Scout Cavalry |
| 15:08 | Create | Scout Cavalry |
| 15:53 | Research | Scale Barding Armor |
| 15:54 | Research | Forging |
| 16:01 | Build | Pasture |
| 16:11 | Build | Pasture |
| 16:28 | Create | Trade Cart |
| 16:29 | Create | Trade Cart |
| 16:32 | Create | Trade Cart |
| 16:36 | Create | Villager (Male) |
| 16:38 | Create | Villager (Male) |
| 16:49 | Create | Scout Cavalry |
| 16:52 | Create | Scout Cavalry |
| 17:14 | Build | Pasture |
| 17:24 | Build | House |
| 17:27 | Create | Villager (Male) |
| 17:32 | Create | Villager (Male) |
| 17:35 | Build | House |
| 18:19 | Create | Scout Cavalry |
| 18:19 | Create | Scout Cavalry |
| 18:22 | Create | Scout Cavalry |
| 18:22 | Create | Scout Cavalry |
| 18:47 | Build | Watch Tower |
| 18:54 | Create | Scout Cavalry |
| 18:57 | Create | Scout Cavalry |
| 19:05 | Build | Pasture |
| 19:15 | Build | Pasture |
| 19:34 | Build | Watch Tower |
| 20:16 | Create | Trade Cart |
| 20:17 | Create | Trade Cart |
| 21:00 | Build | Archery Range |
| 21:03 | Build | Archery Range |
| 21:09 | Research | Padded Archer Armor |
| 21:09 | Research | Fletching |
| 21:10 | Research | Scale Mail Armor |
| 21:13 | Create | Militia |
| 21:13 | Create | Militia |
| 21:14 | Create | Militia |
| 21:14 | Create | Militia |
| 21:19 | Create | Spearman |
| 21:19 | Create | Spearman |
| 21:25 | Create | Villager (Male) |
| 22:09 | Build | Market |
| 22:59 | Research | Man-at-Arms (upgrade) |
| 23:53 | Research | Castle Age |
| 24:17 | Create | Skirmisher |
| 24:18 | Create | Skirmisher |
| 24:18 | Create | Skirmisher |
| 24:21 | Create | Skirmisher |
| 24:21 | Create | Skirmisher |
| 24:22 | Create | Skirmisher |
| 24:30 | Create | Spearman |
| 24:30 | Create | Spearman |
| 24:52 | Create | Archer |
| 24:53 | Create | Archer |
| 25:26 | Create | Spearman |
| 25:27 | Create | Spearman |
| 25:27 | Create | Spearman |
| 26:23 | Research | Tech 1014 |
| 26:30 | Create | Villager (Male) |
| 26:31 | Create | Villager (Male) |
| 26:31 | Create | Villager (Male) |
| 26:33 | Age | Castle Age |
| 26:36 | Create | Trade Cart |
| 27:18 | Research | Squires |
| 27:28 | Build | Town Center |
| 27:35 | Research | Husbandry |
| 27:37 | Research | Light Cavalry (upgrade) |
| 28:08 | Create | Trade Cart |
| 28:15 | Build | House |
| 28:17 | Research | Elite Skirmisher (upgrade) |
| 28:38 | Create | Scout Cavalry |
| 28:38 | Create | Scout Cavalry |
| 28:39 | Create | Scout Cavalry |
| 28:39 | Create | Scout Cavalry |
| 28:44 | Create | Scout Cavalry |
| 28:44 | Create | Scout Cavalry |
| 28:44 | Create | Scout Cavalry |
| 28:58 | Build | Mining Camp |
| 29:21 | Create | Spearman |
| 29:21 | Create | Spearman |
| 29:40 | Build | House |
| 29:53 | Research | Pikeman (upgrade) |
| 30:30 | Build | House |
| 30:35 | Create | Villager (Male) |
| 30:35 | Create | Villager (Male) |
| 30:38 | Create | Scout Cavalry |
| 30:38 | Create | Scout Cavalry |
| 30:41 | Create | Steppe Lancer |
| 30:41 | Create | Steppe Lancer |
| 31:41 | Build | Pasture |
| 32:47 | Build | Castle |
| 32:54 | Create | Villager (Male) |
| 33:29 | Create | Scout Cavalry |
| 33:30 | Create | Scout Cavalry |
| 33:30 | Create | Scout Cavalry |
Build order — ColonelPacha
First 150 of 549 actions detected
| 1:14 | Build | Town Center |
| 2:55 | Build | House |
| 3:03 | Build | Lumber Camp |
| 3:12 | Research | Loom |
| 3:12 | Create | Villager (Male) |
| 3:12 | Create | Villager (Male) |
| 3:13 | Create | Villager (Male) |
| 3:21 | Build | Dock |
| 3:41 | Build | House |
| 3:48 | Create | Villager (Male) |
| 3:49 | Create | Villager (Male) |
| 4:17 | Build | House |
| 4:25 | Create | Fishing Ship |
| 4:25 | Create | Fishing Ship |
| 4:29 | Build | House |
| 4:52 | Build | House |
| 6:15 | Create | Fishing Ship |
| 6:15 | Create | Fishing Ship |
| 6:16 | Create | Fishing Ship |
| 6:24 | Build | House |
| 6:46 | Create | Villager (Male) |
| 6:47 | Create | Villager (Male) |
| 7:21 | Create | Fishing Ship |
| 7:21 | Create | Fishing Ship |
| 7:41 | Create | Villager (Male) |
| 7:42 | Create | Villager (Male) |
| 7:42 | Create | Villager (Male) |
| 8:04 | Build | House |
| 8:10 | Create | Fishing Ship |
| 8:47 | Build | Mill |
| 9:02 | Research | Feudal Age |
| 9:15 | Create | Villager (Male) |
| 9:15 | Create | Villager (Male) |
| 9:55 | Create | Transport Ship |
| 10:02 | Build | Farm |
| 10:12 | Build | Mining Camp |
| 11:17 | Build | Market |
| 11:20 | Research | Double-Bit Axe |
| 11:22 | Research | Horse Collar |
| 11:23 | Research | Gold Mining |
| 11:24 | Research | Stone Mining |
| 11:28 | Research | Wheelbarrow |
| 11:42 | Create | Villager (Male) |
| 11:42 | Create | Villager (Male) |
| 11:42 | Create | Villager (Male) |
| 12:31 | Build | House |
| 12:54 | Build | Watch Tower |
| 13:06 | Build | Blacksmith |
| 13:22 | Create | Villager (Male) |
| 13:23 | Create | Villager (Male) |
| 13:29 | Research | Tech 906 |
| 13:41 | Build | House |
| 13:53 | Build | Watch Tower |
| 14:24 | Build | Watch Tower |
| 15:02 | Research | Fletching |
| 15:02 | Research | Forging |
| 15:03 | Research | Scale Mail Armor |
| 15:04 | Research | Padded Archer Armor |
| 15:04 | Research | Scale Barding Armor |
| 15:04 | Research | Scale Barding Armor |
| 15:06 | Create | Villager (Male) |
| 15:06 | Create | Villager (Male) |
| 15:07 | Create | Villager (Male) |
| 15:07 | Create | Villager (Male) |
| 15:08 | Research | Town Watch |
| 16:04 | Build | Watch Tower |
| 16:11 | Build | House |
| 17:10 | Build | Mill |
| 17:25 | Build | Mill |
| 17:41 | Create | Villager (Male) |
| 17:41 | Create | Villager (Male) |
| 17:42 | Create | Villager (Male) |
| 17:42 | Create | Villager (Male) |
| 17:54 | Build | Mining Camp |
| 18:11 | Create | Villager (Male) |
| 18:11 | Create | Villager (Male) |
| 18:46 | Create | Villager (Male) |
| 18:47 | Create | Villager (Male) |
| 18:47 | Create | Villager (Male) |
| 18:47 | Create | Villager (Male) |
| 19:10 | Research | Castle Age |
| 19:36 | Build | Watch Tower |
| 19:52 | Create | Trade Cart |
| 19:53 | Create | Trade Cart |
| 19:53 | Create | Trade Cart |
| 20:00 | Create | Villager (Male) |
| 20:00 | Create | Villager (Male) |
| 20:01 | Create | Villager (Male) |
| 20:36 | Create | Villager (Male) |
| 20:36 | Create | Villager (Male) |
| 20:36 | Create | Villager (Male) |
| 21:00 | Create | Villager (Male) |
| 21:00 | Create | Villager (Male) |
| 21:00 | Create | Villager (Male) |
| 21:06 | Create | Demolition Raft |
| 21:06 | Create | Demolition Raft |
| 21:07 | Create | Demolition Raft |
| 21:14 | Create | Villager (Male) |
| 21:14 | Create | Villager (Male) |
| 21:15 | Create | Villager (Male) |
| 21:15 | Create | Villager (Male) |
| 21:20 | Build | Farm |
| 21:51 | Create | Trade Cart |
| 21:52 | Create | Trade Cart |
| 21:52 | Create | Trade Cart |
| 22:00 | Create | Demolition Raft |
| 22:01 | Create | Demolition Raft |
| 22:15 | Research | Bodkin Arrow |
| 22:17 | Research | Bow Saw |
| 22:23 | Create | Villager (Male) |
| 22:23 | Create | Villager (Male) |
| 22:23 | Create | Villager (Male) |
| 22:33 | Build | Mining Camp |
| 22:58 | Research | Leather Archer Armor |
| 23:00 | Create | Villager (Male) |
| 23:00 | Create | Villager (Male) |
| 23:01 | Create | Villager (Male) |
| 23:05 | Build | Farm |
| 23:26 | Build | House |
| 23:30 | Build | House |
| 23:49 | Research | Gillnets |
| 23:51 | Research | Tech 905 |
| 24:05 | Research | Hand Cart |
| 24:22 | Research | Town Patrol |
| 24:33 | Build | Barracks |
| 25:02 | Build | House |
| 25:10 | Build | Farm |
| 25:22 | Create | Demolition Raft |
| 25:22 | Create | Demolition Raft |
| 25:23 | Create | Demolition Raft |
| 25:23 | Create | Demolition Raft |
| 25:28 | Create | Villager (Male) |
| 25:29 | Create | Villager (Male) |
| 25:29 | Create | Villager (Male) |
| 25:41 | Build | Farm |
| 25:47 | Build | House |
| 26:09 | Create | Demolition Raft |
| 26:09 | Create | Demolition Raft |
| 26:11 | Create | Villager (Male) |
| 26:11 | Create | Villager (Male) |
| 26:11 | Create | Villager (Male) |
| 26:24 | Build | House |
| 26:35 | Research | Heavy Plow |
| 27:11 | Build | Siege Workshop |
| 27:14 | Research | Man-at-Arms (upgrade) |
| 27:14 | Research | Squires |
| 27:15 | Research | Pikeman (upgrade) |
| 27:15 | Research | Arson |
| 27:18 | Create | Villager (Male) |
| 27:18 | Create | Villager (Male) |
Build order — Ous9121
First 150 of 250 actions detected
| 0:11 | Build | House |
| 0:14 | Build | House |
| 0:16 | Build | House |
| 0:18 | Build | House |
| 3:20 | Build | Town Center |
| 5:43 | Create | Villager (Male) ×4 |
| 5:48 | Research | Loom |
| 5:49 | Create | Villager (Male) |
| 5:50 | Create | Villager (Male) ×3 |
| 7:15 | Build | House |
| 7:17 | Build | House |
| 7:18 | Build | House |
| 7:19 | Build | House |
| 7:22 | Build | House |
| 7:42 | Create | Villager (Male) ×5 |
| 9:15 | Build | Mining Camp |
| 10:05 | Build | Lumber Camp |
| 10:35 | Research | Feudal Age |
| 12:00 | Build | Dock |
| 13:03 | Create | Transport Ship |
| 13:25 | Build | Blacksmith |
| 14:16 | Build | Mill |
| 14:23 | Create | Villager (Male) ×5 |
| 15:01 | Build | Market |
| 15:38 | Build | Mining Camp |
| 15:53 | Research | Castle Age |
| 16:37 | Create | Transport Ship |
| 18:18 | Build | Barracks |
| 18:45 | Create | Villager (Male) ×5 |
| 18:59 | Build | Stable |
| 19:05 | Build | Stable |
| 19:06 | Build | Stable |
| 19:32 | Build | Town Center |
| 19:49 | Create | Knight ×2 |
| 20:08 | Create | Knight ×2 |
| 20:48 | Build | Farm |
| 20:48 | Build | Farm |
| 20:49 | Build | Farm |
| 20:49 | Build | Farm |
| 20:50 | Build | Farm |
| 20:50 | Build | Farm |
| 20:51 | Build | Farm |
| 22:28 | Create | Fishing Ship ×5 |
| 23:16 | Create | Militia ×5 |
| 23:38 | Create | Villager (Male) ×2 |
| 24:09 | Create | Villager (Male) ×2 |
| 24:23 | Build | Farm |
| 24:23 | Build | Farm |
| 24:24 | Build | Farm |
| 24:25 | Build | Farm |
| 24:26 | Build | Farm |
| 24:27 | Build | Farm |
| 24:32 | Research | Horse Collar |
| 24:39 | Research | Double-Bit Axe |
| 25:36 | Research | Gambesons |
| 25:40 | Research | Squires |
| 25:41 | Research | Man-at-Arms (upgrade) |
| 25:54 | Create | Knight ×3 |
| 25:56 | Create | Knight |
| 25:59 | Create | Knight |
| 26:04 | Create | Knight |
| 26:48 | Create | Knight ×4 |
| 27:12 | Build | House |
| 27:14 | Build | House |
| 27:14 | Build | House |
| 27:15 | Build | House |
| 27:16 | Build | House |
| 27:17 | Build | House |
| 27:18 | Build | House |
| 27:21 | Build | House |
| 27:21 | Build | House |
| 27:22 | Build | House |
| 27:31 | Research | Bloodlines |
| 27:49 | Research | Bow Saw |
| 27:57 | Research | Heavy Plow |
| 28:51 | Create | Villager (Male) ×5 |
| 30:32 | Research | Long Swordsman (upgrade) |
| 31:20 | Create | Militia ×5 |
| 31:23 | Create | Militia ×5 |
| 31:36 | Build | Farm |
| 31:37 | Build | Farm |
| 31:37 | Build | Farm |
| 31:38 | Build | Farm |
| 31:40 | Build | Farm |
| 31:41 | Build | Farm |
| 31:56 | Create | Villager (Male) ×5 |
| 32:14 | Build | House |
| 32:15 | Build | House |
| 32:22 | Create | Villager (Male) ×5 |
| 32:26 | Create | Villager (Male) ×5 |
| 32:49 | Build | Castle |
| 33:51 | Create | Villager (Male) ×5 |
| 34:06 | Build | Mining Camp |
| 34:21 | Create | Villager (Male) ×5 |
| 35:00 | Create | Teutonic Knight ×5 |
| 35:02 | Create | Teutonic Knight ×3 |
| 35:38 | Create | Trade Cart |
| 35:42 | Create | Trade Cart |
| 36:33 | Build | Siege Workshop |
| 36:56 | Create | Villager (Male) ×5 |
| 36:58 | Create | Villager (Male) ×5 |
| 38:22 | Build | Siege Workshop |
| 38:25 | Create | Mangonel |
| 40:14 | Build | Monastery |
| 40:21 | Build | Farm |
| 40:21 | Build | Farm |
| 40:22 | Build | Farm |
| 40:23 | Build | Farm |
| 40:24 | Build | Farm |
| 40:24 | Build | Farm |
| 40:25 | Build | Farm |
| 40:26 | Build | Farm |
| 40:27 | Build | Farm |
| 40:28 | Build | Farm |
| 41:32 | Create | Scout Cavalry ×5 |
| 41:34 | Create | Scout Cavalry ×5 |
| 42:04 | Create | Scout Cavalry ×5 |
| 42:15 | Create | Trade Cart |
| 42:16 | Create | Trade Cart |
| 42:39 | Build | Lumber Camp |
| 42:51 | Build | Mill |
| 43:17 | Create | Trade Cart |
| 43:57 | Research | Forging |
| 43:58 | Research | Scale Barding Armor |
| 44:04 | Research | Scale Mail Armor |
| 44:58 | Build | Castle |
| 45:08 | Create | Scout Cavalry ×5 |
| 45:08 | Create | Scout Cavalry ×5 |
| 45:09 | Create | Scout Cavalry ×5 |
| 45:09 | Create | Scout Cavalry ×5 |
| 45:24 | Build | House |
| 45:30 | Build | House |
| 45:30 | Build | House |
| 45:32 | Build | House |
| 45:33 | Build | House |
| 45:34 | Build | House |
| 45:35 | Build | House |
| 45:36 | Build | House |
| 45:38 | Build | House |
| 45:38 | Build | House |
| 45:40 | Build | House |
| 45:42 | Build | House |
| 46:23 | Create | Trade Cart |
| 46:24 | Create | Trade Cart |
| 48:03 | Build | Barracks |
| 48:04 | Build | Barracks |
| 48:05 | Build | Barracks |
| 48:06 | Build | Barracks |
| 48:07 | Build | Barracks |
| 48:08 | Build | Barracks |
Build order — DarkIce4999
First 150 of 814 actions detected
| 0:41 | Build | Town Center |
| 2:26 | Create | Villager (Male) |
| 2:27 | Create | Villager (Male) |
| 2:27 | Create | Villager (Male) |
| 2:27 | Create | Villager (Male) |
| 2:28 | Create | Villager (Male) |
| 2:59 | Create | Villager (Male) |
| 2:59 | Create | Villager (Male) |
| 4:14 | Build | Dock |
| 4:39 | Create | Villager (Male) |
| 4:40 | Create | Villager (Male) |
| 4:58 | Create | Villager (Male) |
| 5:24 | Create | Fishing Ship |
| 5:24 | Create | Fishing Ship |
| 5:31 | Create | Villager (Male) |
| 5:49 | Create | Villager (Male) |
| 6:07 | Create | Villager (Male) |
| 6:13 | Create | Fishing Ship |
| 6:24 | Build | Mill |
| 7:12 | Research | Feudal Age |
| 7:12 | Research | Loom |
| 7:26 | Build | Mining Camp |
| 7:38 | Create | Fishing Ship |
| 7:38 | Create | Fishing Ship |
| 8:19 | Build | Barracks |
| 9:28 | Build | Stable |
| 9:33 | Build | Blacksmith |
| 9:34 | Create | Villager (Male) |
| 9:58 | Build | Lumber Camp |
| 10:07 | Create | Villager (Male) |
| 10:10 | Create | Villager (Male) |
| 10:52 | Research | Castle Age |
| 11:18 | Build | Market |
| 11:24 | Research | Double-Bit Axe |
| 11:24 | Research | Double-Bit Axe |
| 11:58 | Create | Scout Cavalry |
| 12:03 | Research | Horse Collar |
| 12:03 | Research | Horse Collar |
| 12:46 | Create | Scout Cavalry |
| 13:12 | Create | Unit 2626 |
| 13:13 | Create | Unit 2626 |
| 13:15 | Create | Villager (Male) |
| 13:18 | Create | Scout Cavalry |
| 13:45 | Create | Villager (Male) |
| 13:53 | Build | Siege Workshop |
| 14:03 | Create | Villager (Male) |
| 14:15 | Create | Trade Cart |
| 14:16 | Create | Trade Cart |
| 14:32 | Research | Pikeman (upgrade) |
| 14:32 | Research | Pikeman (upgrade) |
| 14:36 | Research | Scale Mail Armor |
| 14:36 | Research | Scale Mail Armor |
| 14:37 | Create | Villager (Male) |
| 14:47 | Build | Dock |
| 14:59 | Create | Villager (Male) |
| 15:02 | Create | Mangonel |
| 15:08 | Create | Spearman |
| 15:08 | Create | Spearman |
| 15:10 | Create | Villager (Male) |
| 15:18 | Build | Farm |
| 15:19 | Build | Farm |
| 15:27 | Create | Spearman |
| 15:43 | Create | Trade Cart |
| 16:00 | Create | Mangonel |
| 16:01 | Create | Spearman |
| 16:02 | Create | Spearman |
| 16:04 | Create | Villager (Male) |
| 16:05 | Create | Villager (Male) |
| 16:21 | Create | Spearman |
| 16:34 | Create | Villager (Male) |
| 16:38 | Create | Villager (Male) |
| 17:15 | Create | Spearman |
| 17:15 | Create | Spearman |
| 17:25 | Create | Spearman |
| 17:30 | Create | Scorpion |
| 17:30 | Create | Scorpion |
| 17:32 | Create | Villager (Male) |
| 17:33 | Create | Villager (Male) |
| 17:34 | Create | Villager (Male) |
| 17:38 | Build | Town Center |
| 17:44 | Create | Villager (Male) |
| 18:06 | Create | Spearman |
| 18:20 | Create | Villager (Male) |
| 18:24 | Build | Farm |
| 18:26 | Build | Farm |
| 18:29 | Build | Farm |
| 18:30 | Build | Farm |
| 18:31 | Create | Villager (Male) |
| 18:37 | Create | Spearman |
| 18:37 | Create | Spearman |
| 18:53 | Build | Town Center |
| 19:01 | Create | Spearman |
| 19:02 | Create | Spearman |
| 19:06 | Create | Villager (Male) |
| 20:44 | Create | Spearman |
| 20:45 | Create | Spearman |
| 20:45 | Create | Spearman |
| 20:45 | Create | Spearman |
| 21:44 | Create | Spearman |
| 21:45 | Create | Villager (Male) |
| 21:46 | Create | Villager (Male) |
| 21:47 | Create | Villager (Male) |
| 21:56 | Build | Castle |
| 22:10 | Create | Villager (Male) |
| 22:44 | Create | Mangonel |
| 22:50 | Build | Town Center |
| 22:51 | Create | Villager (Male) |
| 22:51 | Create | Villager (Male) |
| 22:53 | Build | Farm |
| 22:54 | Build | Farm |
| 22:55 | Build | Farm |
| 22:56 | Build | Farm |
| 22:57 | Build | Farm |
| 22:58 | Build | Farm |
| 22:59 | Build | Farm |
| 23:01 | Build | Farm |
| 23:02 | Build | Farm |
| 23:03 | Build | Farm |
| 23:04 | Build | Farm |
| 23:05 | Build | Farm |
| 23:06 | Build | Farm |
| 23:25 | Build | Monastery |
| 23:35 | Create | Trade Cart |
| 23:35 | Create | Trade Cart |
| 23:36 | Create | Trade Cart |
| 23:38 | Create | Trade Cart |
| 23:50 | Build | Lumber Camp |
| 23:52 | Create | Villager (Male) |
| 23:53 | Create | Villager (Male) |
| 23:53 | Create | Villager (Male) |
| 24:12 | Create | Villager (Male) |
| 24:12 | Create | Villager (Male) |
| 24:18 | Build | Stone Wall |
| 24:27 | Create | Monk |
| 24:32 | Create | Villager (Male) |
| 24:32 | Create | Villager (Male) |
| 24:34 | Create | Villager (Male) |
| 24:46 | Create | Scout Cavalry |
| 24:47 | Create | Scout Cavalry |
| 24:54 | Create | Spearman |
| 24:54 | Create | Spearman |
| 24:56 | Create | Villager (Male) |
| 24:58 | Build | Farm |
| 24:59 | Build | Farm |
| 25:02 | Research | Wheelbarrow |
| 25:05 | Build | Farm |
| 25:07 | Build | Farm |
| 25:09 | Build | Farm |
| 25:11 | Create | Villager (Male) |
| 25:21 | Create | Trade Cart |
Build order — Andrxuv
First 150 of 270 actions detected
| 2:26 | Build | Town Center |
| 3:58 | Build | House |
| 4:00 | Build | House |
| 4:01 | Build | House |
| 4:02 | Build | House |
| 4:10 | Build | House |
| 4:45 | Create | Villager (Male) |
| 4:46 | Create | Villager (Male) |
| 4:47 | Create | Villager (Male) |
| 4:47 | Create | Villager (Male) |
| 4:47 | Create | Villager (Male) |
| 5:32 | Build | House |
| 5:34 | Build | House |
| 5:39 | Create | Villager (Male) |
| 5:39 | Create | Villager (Male) |
| 5:40 | Create | Villager (Male) |
| 5:40 | Create | Villager (Male) |
| 5:41 | Create | Villager (Male) |
| 6:20 | Create | Villager (Male) |
| 6:20 | Create | Villager (Male) |
| 7:23 | Build | Lumber Camp |
| 7:32 | Build | Lumber Camp |
| 8:37 | Build | Mining Camp |
| 9:09 | Research | Feudal Age |
| 9:38 | Create | Villager (Male) ×4 |
| 10:16 | Build | House |
| 10:18 | Build | House |
| 10:20 | Build | House |
| 10:32 | Build | Mill |
| 10:41 | Create | Villager (Male) ×5 |
| 11:12 | Build | Market |
| 11:27 | Build | Mining Camp |
| 11:36 | Create | Villager (Male) |
| 13:14 | Research | Loom |
| 13:18 | Create | Villager (Male) ×5 |
| 13:34 | Create | Trade Cart ×2 |
| 13:34 | Create | Trade Cart ×2 |
| 15:21 | Build | Barracks |
| 15:24 | Build | Barracks |
| 15:25 | Build | Barracks |
| 15:27 | Build | Barracks |
| 15:41 | Create | Villager (Male) |
| 15:42 | Create | Villager (Male) |
| 15:43 | Create | Villager (Male) |
| 15:43 | Create | Villager (Male) |
| 15:54 | Build | Barracks |
| 16:01 | Build | Barracks |
| 16:08 | Build | Farm |
| 16:15 | Create | Villager (Male) |
| 16:16 | Create | Villager (Male) |
| 16:16 | Create | Villager (Male) |
| 16:18 | Create | Villager (Male) |
| 16:18 | Create | Villager (Male) |
| 16:18 | Create | Villager (Male) |
| 16:19 | Create | Villager (Male) |
| 16:20 | Build | Farm |
| 16:25 | Create | Trade Cart |
| 16:49 | Build | Farm |
| 16:53 | Create | Villager (Male) |
| 16:54 | Create | Villager (Male) |
| 17:02 | Research | Arson |
| 17:21 | Build | Mill |
| 17:28 | Build | Farm |
| 17:32 | Create | Spearman |
| 17:33 | Create | Spearman |
| 17:34 | Create | Spearman |
| 17:34 | Create | Spearman |
| 17:45 | Build | Farm |
| 18:03 | Build | Farm |
| 18:24 | Create | Spearman |
| 18:25 | Create | Spearman |
| 18:26 | Create | Spearman |
| 18:26 | Create | Spearman |
| 18:27 | Create | Spearman |
| 18:32 | Build | Farm |
| 18:43 | Build | House |
| 18:45 | Build | House |
| 18:45 | Build | House |
| 18:47 | Build | House |
| 18:48 | Build | House |
| 18:58 | Build | Farm |
| 19:30 | Create | Spearman |
| 19:31 | Create | Spearman |
| 19:31 | Create | Spearman |
| 19:32 | Create | Spearman |
| 19:32 | Create | Spearman |
| 19:33 | Create | Spearman |
| 19:41 | Build | Farm |
| 20:06 | Build | House |
| 20:09 | Build | Farm |
| 20:12 | Build | Farm |
| 20:40 | Build | Farm |
| 20:54 | Build | Farm |
| 21:18 | Build | Farm |
| 21:24 | Create | Villager (Male) |
| 21:24 | Create | Villager (Male) |
| 21:55 | Build | Mill |
| 22:07 | Build | Farm |
| 22:18 | Build | Blacksmith |
| 22:47 | Research | Castle Age |
| 24:22 | Build | Farm |
| 24:22 | Build | Farm |
| 24:23 | Build | Farm |
| 24:23 | Build | Farm |
| 24:25 | Build | Farm |
| 24:25 | Build | Farm |
| 24:26 | Build | Farm |
| 24:28 | Build | Farm |
| 24:53 | Build | Lumber Camp |
| 25:03 | Create | Villager (Male) |
| 25:03 | Create | Villager (Male) |
| 25:03 | Create | Villager (Male) |
| 25:05 | Create | Villager (Male) |
| 25:10 | Build | Lumber Camp |
| 25:22 | Build | Lumber Camp |
| 25:42 | Build | Farm |
| 26:22 | Create | Villager (Male) |
| 26:22 | Create | Villager (Male) |
| 26:23 | Create | Villager (Male) |
| 26:23 | Create | Villager (Male) |
| 26:28 | Build | Mill |
| 26:30 | Build | Farm |
| 27:23 | Create | Spearman ×5 |
| 27:24 | Create | Spearman ×5 |
| 27:26 | Create | Spearman ×5 |
| 27:29 | Build | Farm |
| 27:34 | Create | Villager (Male) |
| 27:34 | Create | Villager (Male) |
| 27:37 | Build | Farm |
| 27:41 | Create | Villager (Male) |
| 27:44 | Build | Castle |
| 28:02 | Build | Archery Range |
| 28:09 | Research | Double-Bit Axe |
| 28:18 | Create | Villager (Male) |
| 28:21 | Build | Farm |
| 28:33 | Build | Archery Range |
| 28:35 | Build | Archery Range |
| 28:36 | Build | Archery Range |
| 28:59 | Build | Farm |
| 29:19 | Create | Trade Cart |
| 29:20 | Create | Trade Cart |
| 29:20 | Create | Trade Cart |
| 29:20 | Create | Trade Cart |
| 29:21 | Create | Trade Cart |
| 29:22 | Create | Trade Cart |
| 29:29 | Build | Farm |
| 29:33 | Create | Karambit Warrior ×5 |
| 29:33 | Create | Karambit Warrior ×5 |
| 29:33 | Create | Karambit Warrior ×5 |
| 29:39 | Build | Farm |
Match timeline
| 3:21 | ColonelPacha · first_building Dock |
| 4:14 | DarkIce4999 · first_building Dock |
| 7:14 | sam.pidgeon · first_building Barracks |
| 7:35 | zug0 · first_building Dock |
| 8:19 | DarkIce4999 · first_building Barracks |
| 8:27 | sam.pidgeon · first_building Dock |
| 8:57 | sam.pidgeon · age_up feudal |
| 9:13 | Voidrunner_099 · age_up feudal |
| 9:14 | sam.pidgeon · first_building Stable |
| 9:23 | zug0 · first_building Barracks |
| 9:28 | DarkIce4999 · first_building Stable |
| 9:31 | zug0 · wall_segment Palisade Wall x2 |
| 9:40 | Voidrunner_099 · first_building Donjon |
| 10:39 | zug0 · wall_segment Palisade Wall x3 |
| 10:49 | zug0 · wall_segment Palisade Wall x7 |
| 11:32 | zug0 · wall_segment Palisade Wall x3 |
| 11:33 | zug0 · wall_segment Palisade Wall x1 |
| 11:49 | zug0 · age_up feudal |
| 12:00 | Ous9121 · first_building Dock |
| 12:34 | LineageHK · age_up feudal |
| 12:35 | Voidrunner_099 · first_building Dock |
| 13:53 | DarkIce4999 · first_building Siege Workshop |
| 14:01 | LineageHK · first_market_sell 100 food |
| 14:12 | Voidrunner_099 · first_market_sell 500 wood |
| 14:15 | zug0 · wall_segment Palisade Wall x2 |
| 14:30 | LineageHK · first_building Barracks |
| 15:21 | Andrxuv · first_building Barracks |
| 16:43 | LineageHK · age_up castle |
| 18:18 | Ous9121 · first_building Barracks |
| 18:39 | Andrxuv · first_market_sell 100 stone |
| 18:39 | Andrxuv · first_market_buy 100 wood |
| 18:55 | ColonelPacha · first_market_sell 100 food |
| 18:57 | zug0 · age_up castle |
| 18:59 | Ous9121 · first_building Stable |
| 19:04 | ColonelPacha · first_market_buy 100 food |
| 19:15 | zug0 · first_building Castle |
| 20:41 | sam.pidgeon · first_market_sell 100 wood |
| 21:00 | sam.pidgeon · first_building Archery Range |
| 21:56 | DarkIce4999 · first_building Castle |
| 23:25 | DarkIce4999 · first_building Monastery |
| 23:33 | DarkIce4999 · first_market_sell 100 wood |
| 23:48 | zug0 · first_building Siege Workshop |
| 24:18 | DarkIce4999 · wall_segment Stone Wall x14 |
| 24:33 | ColonelPacha · first_building Barracks |
| 24:33 | LineageHK · first_building Archery Range |
| 26:33 | sam.pidgeon · age_up castle |
| 26:35 | DarkIce4999 · wall_segment Stone Wall x8 |
| 27:11 | ColonelPacha · first_building Siege Workshop |
| 27:43 | Voidrunner_099 · age_up castle |
| 27:44 | Andrxuv · first_building Castle |
| 28:02 | Andrxuv · first_building Archery Range |
| 31:01 | Voidrunner_099 · first_building Castle |
| 32:47 | sam.pidgeon · first_building Castle |
| 32:49 | Ous9121 · first_building Castle |
| 33:36 | sam.pidgeon · first_building Siege Workshop |
| 33:49 | Voidrunner_099 · first_building Barracks |
| 34:20 | zug0 · first_market_sell 100 food |
| 34:24 | DarkIce4999 · first_building Archery Range |
| 34:54 | Voidrunner_099 · first_building Stable |
| 35:32 | Ous9121 · first_market_sell 500 wood |
| 35:58 | ColonelPacha · wall_segment Palisade Wall x9 |
| 36:33 | Ous9121 · first_building Siege Workshop |
| 37:30 | sam.pidgeon · resign |
| 40:14 | Ous9121 · first_building Monastery |
| 41:37 | zug0 · age_up imperial |
| 42:29 | Voidrunner_099 · first_building Archery Range |
| 42:39 | ColonelPacha · first_building Archery Range |
| 43:08 | LineageHK · first_building Castle |
| 44:01 | Voidrunner_099 · age_up imperial |
| 46:15 | Voidrunner_099 · first_building Monastery |
| 46:26 | zug0 · first_building Stable |
| 46:42 | ColonelPacha · first_building Castle |
| 50:04 | zug0 · first_building Monastery |
| 54:26 | ColonelPacha · first_building Monastery |
| 55:23 | Voidrunner_099 · tribute_sent a jugador 1 |
| 55:23 | Voidrunner_099 · tribute_sent a jugador 3 |
| 55:23 | Voidrunner_099 · tribute_sent a jugador 4 |
| 55:23 | Voidrunner_099 · tribute_sent a jugador 5 |
| 55:23 | Voidrunner_099 · tribute_sent a jugador 6 |
| 55:23 | Voidrunner_099 · tribute_sent a jugador 7 |
| 55:23 | Voidrunner_099 · tribute_sent a jugador 8 |
| 68:20 | Voidrunner_099 · tribute_sent a jugador 1 |
| 68:20 | Voidrunner_099 · tribute_sent a jugador 3 |
| 68:20 | Voidrunner_099 · tribute_sent a jugador 4 |
| 68:20 | Voidrunner_099 · tribute_sent a jugador 5 |
| 68:20 | Voidrunner_099 · tribute_sent a jugador 6 |
| 68:20 | Voidrunner_099 · tribute_sent a jugador 7 |
| 68:20 | Voidrunner_099 · tribute_sent a jugador 8 |
| 68:25 | Andrxuv · first_building Dock |
| 69:44 | Voidrunner_099 · tribute_sent a jugador 1 |
| 69:44 | Voidrunner_099 · tribute_sent a jugador 3 |
| 69:44 | Voidrunner_099 · tribute_sent a jugador 4 |
| 69:44 | Voidrunner_099 · tribute_sent a jugador 5 |
| 69:44 | Voidrunner_099 · tribute_sent a jugador 6 |
| 69:44 | Voidrunner_099 · tribute_sent a jugador 7 |
| 69:44 | Voidrunner_099 · tribute_sent a jugador 8 |
[ AI ANALYSIS · 1 CREDIT ]
What really happened in this match?
Wolo.gg analyzes every decision: build order, eco, micro, common mistakes by bracket. Personalized analysis on WhatsApp or Discord in 30 seconds.
Civ guide
Bohemians
Perfil
Jugador #17763142